 Dungeon Crawl Stone Soup version 0.29-a0-559-g359e09b9d1 (webtiles) character file.

Game seed: 15455017306811631090

8603 Heedrag the Destroyer (level 11, -12/79 HPs)
             Began as a Demonspawn Conjurer on June 9, 2022.
             Was a Believer of Vehumet.
             Mangled by a two-headed ogre
             ... wielding a +0 giant spiked club
              (21 damage)
             ... on level 11 of the Dungeon.
             The game lasted 00:25:17 (12631 turns).

Heedrag the Destroyer (Demonspawn Conjurer)        Turns: 12631, Time: 00:25:18

Health: -12/79     AC:  4    Str: 13    XL:     11   Next: 12%
Magic:  3/20       EV: 13    Int: 29    God:    Vehumet [**....]
Gold:   630        SH:  0    Dex: 13    Spells: 8/22 levels left

rFire   . . .      SeeInvis .   H - +2 dagger
rCold   . . .      Faith    .   (no shield)
rNeg    . . .      Spirit   .   a - +0 robe
rPois   .          Reflect  .   (no helmet)
rElec   .          Harm     .   e - +0 cloak
rCorr   .          Rampage  .   s - +0 pair of gloves
Will    .....                   (no boots)
Stlth   +++.......              (no amulet)
HPRegen 0.23/turn               p - ring of flight
MPRegen 0.34/turn               G - +6 ring of strength

@: flying
A: claws 2, magic regeneration, big brain 3, demonic magic 2
a: Renounce Religion


You were on level 11 of the Dungeon.
You worshipped Vehumet.
Vehumet was pleased with you.
You visited 2 branches of the dungeon, and saw 12 of its levels.

You collected 630 gold pieces.

Inventory:

Hand Weapons
 y - a +0 dagger of draining
   (You found it on level 5 of the Dungeon)
 H - a +2 dagger (weapon)
   (You took it off a wight on level 7 of the Dungeon)
 K - a +1 short sword of venom
   (You took it off an orc warrior on level 7 of the Dungeon)
Missiles
 j - 2 javelins
 L - a throwing net {!f}
 N - 5 datura-tipped darts
 O - 20 poisoned darts
Armour
 a - a +0 robe (worn)
 e - a +0 cloak (worn)
   (You took it off Crazy Yiuf on level 7 of the Dungeon)
 s - a +0 pair of gloves (worn)
   (You found it on level 3 of the Dungeon)
Jewellery
 i - a ring of protection from fire
   (You found it on level 8 of the Dungeon)
 p - a ring of flight (left hand)
   (You found it on level 3 of the Dungeon)
 u - an amulet of guardian spirit
   (You found it on level 4 of the Dungeon)
 v - the amulet of Beogh's Grace {Reflect -Cast Str+4 Int-3 Dex+7 SH+5}
   (You found it on level 4 of the Dungeon)

   [amulet of reflection]

   It reflects blocked missile attacks.
   Str:       It affects your strength (+4).
   Int:       It affects your intelligence (-3).
   Dex:       It affects your dexterity (+7).
   -Cast:     It prevents spellcasting.
   SH:        It affects your SH (+5).
 w - a ring of ice
   (You found it on level 4 of the Dungeon)
 G - a +6 ring of strength (right hand)
   (You found it on level 6 of the Dungeon)
 Q - a +6 ring of intelligence
   (You found it on level 10 of the Dungeon)
Wands
 P - a wand of polymorph (6)
   (You found it on level 9 of the Dungeon)
Scrolls
 c - 12 scrolls of identify {@r1}
 f - 3 scrolls of fog {unknown}
 h - 4 scrolls of noise {unknown}
 k - 3 scrolls of amnesia {unknown}
 l - 2 scrolls of immolation {unknown}
 m - a scroll of brand weapon {unknown}
 n - 6 scrolls of teleportation {@r4}
 q - a scroll of poison {unknown}
 x - a scroll of blinking {unknown}
 D - a scroll of fear {unknown}
 E - 2 scrolls of enchant weapon {unknown}
 F - 2 scrolls of silence {unknown}
 I - a scroll of magic mapping {unknown}
 J - 2 scrolls of enchant armour {unknown}
 R - a scroll of vulnerability {unknown}
Potions
 b - a potion of magic
 d - 2 potions of resistance
 g - 3 potions of heal wounds {@q2}
 o - 6 potions of curing {@q1}
 r - a potion of flight {unknown}
 t - 6 potions of brilliance {unknown}
 z - 2 potions of mutation {unknown}
 A - 3 potions of degeneration {unknown}
 B - a potion of haste {unknown}
 C - 4 potions of lignification {unknown}
 M - 3 potions of might


   Skills:
 + Level 5.1 Fighting
 + Level 1.8 Short Blades
 - Level 4.0 Dodging
 + Level 6.9 Stealth
 + Level 6.2 Spellcasting
 * Level 10.3 Conjurations
 - Level 5.0 Hexes
 - Level 5.0 Translocations
 - Level 3.0 Air Magic
 + Level 2.0 Evocations


You had 8 spell levels left.
You knew the following spells:

 Your Spells              Type           Power      Damage    Failure   Level
a - Magic Dart            Conj           100%       1d8       1%          1
b - Swiftness             Air            26%        N/A       1%          3
s - Searing Ray           Conj           100%       2d8       1%          2
x - Iskenderun's Mystic   Conj/Tloc      52%        2d11      1%          4
z - Fulminant Prism       Conj/Hex       26%        3d14      1%          4

Your spell library contained the following spells:

 Spells                   Type           Power      Damage    Failure   Level
 Poisonous Vapours        Pois/Air       34%        N/A       1%          2
 Apportation              Tloc           76%        N/A       1%          1
 Shock                    Conj/Air       100%       1d9       1%          1
 Ensorcelled Hibernation  Hex/Ice        46%        N/A       1%          2
 Dazzling Flash           Conj/Hex       100%       N/A       1%          3
 Necrotize                Necr           36%        1d5       2%          1
 Summon Small Mammal      Summ           36%        N/A       2%          1
 Hailstorm                Conj/Ice       38%        3d9       2%          4
 Passwall                 Tmut/Erth      7%         N/A       3%          2
 Ice Form                 Ice/Tmut       9%         N/A       22%         4
 Simulacrum               Ice/Necr       4%         N/A       96%         6


Dungeon Overview and Level Annotations

Branches:
Dungeon (11/15)            Temple (1/1) D:7            Lair (0/6) D:8
    Orc: D:9-12

Altars:
Ashenzari
Cheibriados
Dithmenos
Elyvilon
Fedhas
Gozag
Hepliaklqana
Kikubaaqudgha
Makhleb
Nemelex Xobeh
Okawaru
Qazlal
Ru
Sif Muna
Trog
Uskayaw
Vehumet
Wu Jian
Xom
Yredelemnul
Zin
The Shining One

Shops:
D:4 *   D:6 =   D:7 [   D:8 *

Annotations:
D:8 3 runed translucent doors, Finra's ghost, novice KoBe; kMk's ghost, novice OgNe


Innate Abilities, Weirdness & Mutations

You have very sharp fingernails.
You regenerate magic rapidly.
You have an absolutely massive brain. (Int +6, Wiz)
Spells you cast may paralyse nearby enemies.


Message History

Vehumet accepts your kill.
You feel your power returning.
Reactivating autopickup.
You feel a bit more experienced.
You hear a shout! x3; You hear a howl!
Your Evocations skill increases to level 2!
You conjure a prism of explosive energy!
Malevolent energies surge around you.
A fulminant prism comes into view.
Your fulminant prism crackles loudly.
Unknown command.
You conjure a prism of explosive energy!
Malevolent energies surge around you.
A fulminant prism comes into view.
Your fulminant prism crackles loudly.
You hear a shout!
Unknown command.
You conjure a prism of explosive energy!
Malevolent energies surge around you.
A fulminant prism comes into view.
Your fulminant prism crackles loudly.
You hear a shout! x2; You hear a howl!
Unknown command.
Found a stone staircase leading down.
A two-headed ogre comes into view.
It is wielding a +0 giant spiked club and a +0 giant club.
You erupt in a blast of force!
The mystic blast hits the two-headed ogre.
The two-headed ogre is knocked back by the mystic blast.
Malevolent energies surge around you.
The two-headed ogre attacks as you move away!
The two-headed ogre hits you with a +0 giant spiked club!!!
The two-headed ogre closely misses you.
Unknown command.
You erupt in a blast of force!
The mystic blast hits the two-headed ogre.
The two-headed ogre is knocked back by the mystic blast.
Malevolent energies surge around you.
You don't have enough magic to cast this spell.
The two-headed ogre attacks as you move away!
The two-headed ogre misses you. The two-headed ogre barely misses you.
You hear the beating of a distant drum.
The two-headed ogre attacks as you move away!
The two-headed ogre barely misses you.
The two-headed ogre hits you but does no damage.
Found 20 gold pieces.
The two-headed ogre attacks as you move away!
The two-headed ogre hits you with a +0 giant spiked club!!
* * * LOW HITPOINT WARNING * * *
The two-headed ogre hits you with a +0 giant club!!
You die...

..........#
.....>....#
..........#
..........########
..................
..................
#+#######+####........
#.......... #O....##+
#.......... #@....#
#........# #.....#
#........# ......#
#..(.....+ .......#
#........# ..........
#........#........####
#<#####..#........#
### ##...$....#


You could see a two-headed ogre.

Vanquished Creatures
  2 two-headed ogres
  A cyclops (D:11)
  A gargoyle (D:9)
  A komodo dragon (D:8)
  A troll (D:8)
  3 hornets
  Sigmund (D:6)
  A shadow (D:10)
  A vampire (D:11)
  A wyvern (D:8)
  6 yaks
  A wraith (D:11)
  2 water moccasins
  2 orc warriors
  3 black bears
  4 sky beasts
  2 ogres
  5 centaurs
  2 phantoms
  3 kobold brigands
  2 bullfrogs (D:8)
  2 gnoll sergeants
  3 scorpions
  2 necrophages
  4 wights
  10 killer bees
  2 electric eels (D:7)
  3 howler monkeys
  A jelly (D:5)
  Crazy Yiuf (D:7)
  A gnoll shaman (D:8)
  6 orc priests
  Jessica (D:3)
  An iguana (D:4)
  7 orc wizards
  8 adders
  9 gnolls (D:8)
  A shadow imp (D:6)
  An ufetubus (D:5)
  5 worms
  4 dart slugs
  28 orcs
  9 ball pythons
  5 bats
  4 endoplasms
  5 goblins
  11 hobgoblins
  2 jackals (D:3)
  3 quokkas
  2 frilled lizards
  18 kobolds
  3 rats
  A spectral hobgoblin (D:1)
208 creatures vanquished.

Vanquished Creatures (others)
  27 fulminant prisms
  6 withered plants (D:8)
33 creatures vanquished.

Grand Total: 241 creatures vanquished

Notes
Turn   | Place    | Note
-------+----------+-------------------------------------------
     0 | D:1      | Heedrag the Demonspawn Conjurer began the quest for the
                  | Orb.
     0 | D:1      | Reached XP level 1. HP: 13/13 MP: 3/3
   224 | D:1      | Gained mutation: You have sharp fingernails. [demonic
                  | ancestry]
   224 | D:1      | Reached XP level 2. HP: 19/19 MP: 1/5
   360 | D:1      | Found a faded altar of an unknown god.
   591 | D:1      | Learned a level 2 spell: Searing Ray
  1112 | D:2      | Reached XP level 3. HP: 17/24 MP: 1/6
  1879 | D:2      | Gained mutation: You have very sharp fingernails. [demonic
                  | ancestry]
  1879 | D:2      | Reached XP level 4. HP: 30/30 MP: 0/7
  1972 | D:2      | Learned a level 4 spell: Fulminant Prism
  2201 | D:3      | Noticed Jessica
  2415 | D:3      | Killed Jessica
  2632 | D:3      | Reached skill level 5 in Conjurations
  2919 | D:3      | Gained mutation: You regenerate magic rapidly. [demonic
                  | ancestry]
  2919 | D:3      | Reached XP level 5. HP: 35/35 MP: 1/9
  2945 | D:5      | Entered Level 5 of the Dungeon
  2950 | D:5      | Reached skill level 1 in Hexes
  3223 | D:3      | Reached XP level 6. HP: 36/41 MP: 3/10
  3509 | D:3      | Found a shimmering blue altar of Sif Muna.
  3654 | D:3      | Got Sif Muna's Papyrus of Lightness
  3781 | D:4      | Learned a level 4 spell: Iskenderun's Mystic Blast
  4292 | D:4      | Noticed a water moccasin
  4302 | D:4      | Killed a water moccasin
  4303 | D:4      | Gained mutation: You have an unusually large brain. (Int
                  | +2) [demonic ancestry]
  4303 | D:4      | Reached XP level 7. HP: 40/46 MP: 2/11
  4395 | D:4      | Identified the amulet of Beogh's Grace {Reflect -Cast Str+4
                  | Int-3 Dex+7 SH+5}
  4487 | D:4      | Reached skill level 6 in Conjurations
  4521 | D:4      | Found an ancient bone altar of Kikubaaqudgha.
  4538 | D:4      | Found Hytan's Fire Supplies.
  4756 | D:4      | Reached skill level 1 in Translocations
  5003 | D:5      | Found a basalt altar of Yredelemnul.
  5004 | D:5      | Found a snail-covered altar of Cheibriados.
  5192 | D:5      | Found a burning altar of Makhleb.
  5330 | D:5      | Gained mutation: Spells you cast may paralyse adjacent
                  | enemies. [demonic ancestry]
  5330 | D:5      | Reached XP level 8. HP: 13/52 MP: 5/13
  6055 | D:5      | Found an ornate altar of the Wu Jian Council.
  6124 | D:6      | Reached skill level 7 in Conjurations
  6153 | D:6      | Found a hide-covered altar of Uskayaw.
  6203 | D:6      | Noticed Sigmund
  6247 | D:6      | Reached skill level 1 in Fighting
  6279 | D:6      | Killed Sigmund
  6771 | D:6      | Found Homecat's Jewellery Shop.
  6851 | D:6      | Gained mutation: Spells you cast may paralyse nearby
                  | enemies. [demonic ancestry]
  6851 | D:6      | Reached XP level 9. HP: 61/61 MP: 9/15
  7170 | D:7      | Reached skill level 5 in Stealth
  7207 | D:7      | Found a runed translucent door.
  7208 | D:7      | Noticed Crazy Yiuf
  7249 | D:7      | Found Wotuet's Armour Shop.
  7400 | D:7      | Reached skill level 8 in Conjurations
  7458 | D:7      | Found a staircase to the Ecumenical Temple.
  7472 | Temple   | Entered the Ecumenical Temple
  7563 | Temple   | Became a worshipper of Vehumet
  8056 | D:7      | Found an iron altar of Okawaru.
  8062 | D:7      | Found a shadowy altar of Dithmenos.
  8119 | D:7      | Found a sparkling altar of Nemelex Xobeh.
  8355 | D:7      | Found a sacrificial altar of Ru.
  8507 | D:7      | Killed Crazy Yiuf
  8622 | D:8      | Noticed a komodo dragon
  8628 | D:8      | Found a staircase to the Lair.
  8653 | D:8      | Killed a komodo dragon
  8654 | D:8      | Reached skill level 5 in Spellcasting
  8782 | D:8      | Found a blossoming altar of Fedhas.
  9006 | D:8      | Noticed Finra's ghost (novice KoBe)
  9007 | D:8      | Found a runed translucent gate.
  9007 | D:8      | Found a runed translucent gate.
  9065 | D:8      | Reached * piety under Vehumet
  9065 | D:8      | Offered knowledge of Sandblast by Vehumet.
  9187 | D:8      | Learned a level 3 spell: Swiftness
  9244 | D:8      | Found Woquej's Assorted Antiques.
  9310 | D:8      | Noticed a troll
  9319 | D:8      | Killed a troll
  9320 | D:8      | Reached skill level 5 in Hexes
  9320 | D:8      | Reached skill level 1 in Air Magic
  9320 | D:8      | Gained mutation: You have an extremely huge brain. (Int +4)
                  | [demonic ancestry]
  9320 | D:8      | Reached XP level 10. HP: 60/71 MP: 4/18
  9517 | D:8      | Reached skill level 9 in Conjurations
  9753 | D:8      | Noticed a two-headed ogre
  9763 | D:8      | Killed a two-headed ogre
  9862 | D:8      | Found a runed translucent gate.
  9913 | D:8      | Noticed kMk's ghost (novice OgNe)
 10320 | D:9      | Noticed a gargoyle
 10326 | D:9      | Killed a gargoyle
 11721 | D:10     | Entered Level 10 of the Dungeon
 11753 | D:10     | Noticed a two-headed ogre
 11762 | D:10     | Killed a two-headed ogre
 11949 | D:10     | Found a broken altar of Ashenzari.
 11994 | D:10     | Reached skill level 5 in Translocations
 11994 | D:10     | Reached skill level 1 in Evocations
 11998 | D:10     | Reached skill level 1 in Short Blades
 11998 | D:10     | Reached skill level 10 in Conjurations
 12144 | D:10     | Reached skill level 5 in Fighting
 12144 | D:10     | Gained mutation: You have an absolutely massive brain. (Int
                  | +6, Wiz) [demonic ancestry]
 12144 | D:10     | Reached XP level 11. HP: 79/79 MP: 12/20
 12583 | D:11     | Offered knowledge of Poisonous Vapours by Vehumet.
 12599 | D:11     | Reached ** piety under Vehumet
 12616 | D:11     | Noticed a two-headed ogre
 12631 | D:11     | Mangled by a two-headed ogre

Illustrated notes

Levels and vault maps discovered:
D:1:      giann_forest_graveyard, layout_loops_ring,
          dreamdust_ecumenical_altar_drowned_temple, minmay_misc_feat_hallway,
          chequers_serial_rivers_micro_c, item_on_display_a
D:2:      layout_basic
D:3:      layout_basic, led_sif_book, minmay_curled_crystal, uniq_jessica
D:4:      minmay_chambers_of_twos, layout_loops_ring, kiku_gazebo_pond_becter,
          nicolae_shop_fire_sale [nicolae_sub_dead_trees]
D:5:      layout_loops_ring, bloody_makhleb, nicolae_wu_jian_glorious_leap,
          nicolae_overflow_squiral, st_stairs_5
D:6:      layout_basic, eat_drink_and_be_merry_uskayaw, serial_shops, shop,
          uniq_sigmund
D:7:      layout_basic, nicolae_ru_great_annihilating_truth,
          amcnicky_altar_gilded, nemelex_altar_shiori,
          okawaru_metal_pillars_1_2, minmay_temple_entry_antechambers,
          minivault_4, nicolae_wooded_promenade, uniq_crazy_yiuf_cottage
D:8:      layout_loops_ring, mainiacjoe_overflow_cross_hatched,
          lair_entry_dummy, serial_shops, nicolae_lakefront_shop,
          gammafunk_ghost_cemetery, minmay_misc_feat_cross,
          minmay_fractal_squares_gapless_5
D:9:      layout_basic
D:10:     layout_loops_ring, ashenzari_altar_1, dk_noncrumbling_4
D:11:     layout_irregular_city, david_orc_2, gauntlet_entry_generic
Temple:   dpeg_three_leaves_temple

Skill      XL: |  1  2  3  4  5  6  7  8  9 10 11 |
---------------+----------------------------------+-----
Stealth        | 2 3 4 5 6 |  6.9
Dodging        | 2 3 4 |  4.0
Conjurations   | 5 6 7 8 10 | 10.3
Hexes          | 1 2 3 5 |  5.0
Spellcasting   | 3 4 5 6 |  6.2
Translocations | 1 3 4 5 |  5.0
Fighting       | 2 3 5 |  5.1
Air Magic      | 1 3 |  3.0
Evocations     | 1 2 |  2.0
Short Blades   | 1 |  1.8

Action                   |  1- 3 |  4- 6 |  7- 9 | 10-12 || total
-------------------------+-------+-------+-------+-------++-------
Melee: Dagger            |     6 |    12 |    37 |    47 ||   102
       Punch             |       |       |     1 |     3 ||     4
 Cast: Magic Dart        |    76 |    84 |   102 |     9 ||   271
       Searing Ray       |       |    14 |    44 |    10 ||    68
       Fulminant Prism   |       |       |     8 |    19 ||    27
       Iskenderun's Myst |       |       |     5 |    25 ||    30
  Use: Potion            |       |     4 |       |     1 ||     5
       Scroll            |       |       |       |     2 ||     2
 Stab: Paralysed         |       |       |    12 |    12 ||    24
Armor: Robe              |     2 |    10 |    21 |     9 ||    42
Dodge: Dodged            |     5 |    43 |    67 |    52 ||   167

Table legend: (Time is in decaauts)
 A = Elapsed time spent in this place.
 B = Non-inter-level travel time spent in this place.
 C = Inter-level travel time spent in this place.
 D = Time resting spent in this place.
 E = Time spent auto-exploring this place.
 F = Levels seen in this place.
 G = Mean time per level.
                   A        B        C        D        E       F      G
               +--------+--------+--------+--------+--------+-----+--------+
         Total |  12645 |  12151 |    494 |   2328 |   8296 |  12 | 1053.8 |
       Dungeon |  12541 |  12085 |    456 |   2328 |   8238 |  11 | 1140.1 |
        Temple |    103 |     66 |     37 |      0 |     58 |   1 |  103.0 |
               +--------+--------+--------+--------+--------+-----+--------+

Top non-repeatable levels by time:
     D:8: 1830 daAuts
     D:9: 1446 daAuts
     D:5: 1430 daAuts
     D:7: 1344 daAuts
     D:2: 1320 daAuts
     D:4: 1201 daAuts
     D:3: 1151 daAuts
     D:6: 1047 daAuts
     D:1: 1018 daAuts
    D:10: 696 daAuts
  Temple: 103 daAuts
    D:11: 54 daAuts
